[Event "Team 45 45 League T48"]
[Site "Internet Chess Club"]
[Date "2011.02.26"]
[Round "3"]
[White "carolinaknight"]
[Black "almond123"]
[Result "0-1"]
[WhiteElo "1198"]
[BlackElo "1072"]
[Opening "King's pawn game"]
[ECO "C21"]
[Time "22:00:13"]
[TimeControl "2700+45"]

1. e4 e5 2. d4 Nc6 3. c3 Nf6 4. Bg5 Be7 5. Nf3 Nxe4 6. Bc1 d6 7. Be3 Be6 8. d5
Bxd5 9. Qxd5 Ng5 10. Nbd2 O-O 11. Bd3 Nxf3+ 12. Nxf3 Bf6 13. O-O-O Re8 14. Bc2
Qd7 15. h3 Qe6 16. Bg5 h6 17. Bh4 Bxh4 18. Nxh4 Qf6 19. Nf3 Qf4+ 20. Kb1 Rab8
21. g3 Qf6 22. Rhe1 Qe6 23. Nh4 Qxh3 24. Bf5 Qh2 25. Rd2 Ne7 26. Qf3 Nxf5 27.
Nxf5 Qh3 28. Rh1 e4 29. Nxh6+ Qxh6 30. Rxh6 exf3 31. Rh1 Re2 32. Rdd1 Rxf2 33.
Rhg1 Re8 {White resigns} 0-1

[Event "Team 45 45 League T48"]
[Site "Internet Chess Club"]
[Date "2011.02.24"]
[Round "3"]
[White "XGG123"]
[Black "bhandelman"]
[Result "0-1"]
[WhiteElo "880"]
[BlackElo "1114"]
[Opening "Four knights: Spanish, classical defense"]
[ECO "C48"]
[Time "23:03:49"]
[TimeControl "2700+45"]

1. e4 e5 2. Nf3 Nc6 3. Bb5 Nf6 4. Nc3 Bc5 5. O-O O-O 6. d3 d6 7. Bg5 Bg4 8. h3
Bh5 9. a3 Nd4 10. b4 Nxf3+ 11. gxf3 Bd4 12. Bd2 c6 13. Ba4 d5 14. exd5 Nxd5 15.
Bb3 Nxc3 16. Bxc3 Bxc3 17. Rb1 Qf6 18. Bc4 Bxf3 19. Qc1 Qg6+ 20. Kh2 Qg2# {White
checkmated} 0-1

[Event "Team 45 45 League T48"]
[Site "Internet Chess Club"]
[Date "2011.02.27"]
[Round "3"]
[White "Just-Jim"]
[Black "BrianWood"]
[Result "1-0"]
[WhiteElo "1374"]
[BlackElo "1380"]
[Opening "Sicilian"]
[ECO "B50"]
[Time "16:00:17"]
[TimeControl "2700+45"]

1. e4 c5 2. Nf3 d6 3. Bc4 Nf6 4. Nc3 e6 5. O-O Be7 6. Re1 O-O 7. h3 e5 8. a3
Nbd7 9. d3 Nb6 10. Bb3 Bd7 11. Na2 a5 12. c3 h6 13. d4 a4 14. Bc2 cxd4 15. cxd4
Qc7 16. dxe5 dxe5 17. Nc3 Rfd8 18. Nd5 Nbxd5 19. exd5 Be6 20. Bxa4 Rxd5 21. Qc2
Rc5 22. Qd1 Rd8 23. Bd2 e4 24. Nh2 Rcd5 25. Nf1 Qb6 26. b4 Rd4 27. Be3 Rxd1 28.
Bxb6 Rxe1 29. Rxe1 Ra8 30. Bc2 Rxa3 31. Bxe4 Bxb4 32. Rb1 Nxe4 33. Rxb4 Rb3 34.
Rxe4 Rxb6 35. Ne3 Rb1+ 36. Kh2 b5 37. Nc2 Rb2 38. Nd4 Rxf2 39. Nxb5 Bd5 40. Rg4
h5 41. Rg5 f6 42. Rxd5 g6 43. Nd4 Kg7 44. Kg3 Ra2 45. Ne6+ Kh6 46. Rd8 Ra7 47.
Rh8+ Rh7 48. Rf8 h4+ 49. Kxh4 g5+ 50. Kg3 Kg6 51. Nc5 Rf7 52. Rd8 f5 53. Ne6 Kf6
54. Rd6 Ke5 55. Nxg5 Rg7 56. Re6+ Kd5 57. Kf4 Rxg5 58. Kxg5 Kxe6 59. h4 {Black
resigns} 1-0

[Event "Team 45 45 League T48"]
[Site "Internet Chess Club"]
[Date "2011.02.28"]
[Round "3"]
[White "Knight2night"]
[Black "CoasterBrake"]
[Result "1-0"]
[WhiteElo "1245"]
[BlackElo "1160"]
[Opening "Caro-Kann: Panov-Botvinnik attack"]
[ECO "B13"]
[Time "12:00:56"]
[TimeControl "2700+45"]

1. e4 c6 2. d4 d5 3. exd5 cxd5 4. c4 Nf6 5. Nc3 Bg4 6. Nf3 Nc6 7. cxd5 Nxd5 8.
Bb5 e6 9. Qa4 Qc7 10. Ne5 Nf6 11. Nxc6 a6 12. Ne5+ Nd7 13. Bxd7+ Ke7 14. Bf4 Qd8
15. Qa3+ Kf6 16. Ne4+ Kf5 17. Ng3+ Kxf4 18. Qe3# {Black checkmated} 1-0

[Event "Team 45 45 League T48"]
[Site "Internet Chess Club"]
[Date "2011.02.27"]
[Round "3"]
[White "theartist"]
[Black "sockmonkey"]
[Result "0-1"]
[WhiteElo "1164"]
[BlackElo "1071"]
[Opening "Czech Benoni defense"]
[ECO "A56"]
[Time "12:32:04"]
[TimeControl "2700+45"]

1. d4 Nf6 2. c4 c5 3. d5 e5 4. Nc3 d6 5. e4 Nbd7 6. Bd3 Be7 7. Nge2 Nf8 8. O-O
Ng6 9. h3 Nh5 10. Be3 O-O 11. Qd2 a6 12. a4 h6 13. f4 exf4 14. Nxf4 Nhxf4 15.
Bxf4 Nxf4 16. Qxf4 Bg5 17. Qf3 g6 18. Qe2 Bf6 19. Qc2 Bd4+ 20. Kh1 Bd7 21. Ne2
Be5 22. Rae1 Qg5 23. Rf3 Bg4 24. Rff1 Bxe2 25. Rxe2 Qg3 26. Kg1 Bd4+ 27. Kh1 Be5
28. Kg1 Qh2+ 29. Kf2 Qg3+ 30. Kg1 f5 31. exf5 Qh2+ 32. Kf2 Bd4+ 33. Ke1 Qg3+ 34.
Kd1 Rae8 35. Rf3 Qh2 36. g4 Qh1+ 37. Kd2 Qxf3 {White resigns} 0-1

[Event "Team 45 45 League T48"]
[Site "Internet Chess Club"]
[Date "2011.03.01"]
[Round "3"]
[White "tcianciola"]
[Black "WzeroMN"]
[Result "1-0"]
[WhiteElo "1154"]
[BlackElo "1112"]
[Opening "Queen's pawn game"]
[ECO "A45"]
[Time "10:00:13"]
[TimeControl "2700+45"]

1. d4 Nf6 2. Nc3 e6 3. e4 Bb4 4. Bd2 Bxc3 5. Bxc3 Nxe4 6. Nf3 O-O 7. Bd3 d5 8.
Bb4 Nc6 9. Bxf8 Qxf8 10. c3 Qe7 11. O-O a6 12. c4 Nb4 13. cxd5 Nxd3 14. Qxd3
exd5 15. Rfe1 f5 16. Nd2 Qg5 17. Rad1 Bd7 18. f3 Nxd2 19. Qxd2 Qf6 20. Re5 c5
21. Rxd5 Be6 22. Rd6 Rd8 23. dxc5 {Black resigns} 1-0

[Event "Team 45 45 League T48"]
[Site "Internet Chess Club"]
[Date "2011.02.28"]
[Round "3"]
[White "Razorbackchess"]
[Black "imawesome"]
[Result "1/2-1/2"]
[WhiteElo "1772"]
[BlackElo "1750"]
[Opening "English: Neo-Catalan declined"]
[ECO "A14"]
[Time "20:00:25"]
[TimeControl "2700+45"]

1. c4 e6 2. g3 Nf6 3. Bg2 d5 4. Nf3 Be7 5. O-O c6 6. Qc2 Nbd7 7. b3 O-O 8. Bb2
b6 9. e3 Ba6 10. d3 Rc8 11. Rd1 Qc7 12. Nbd2 c5 13. Rac1 Rfd8 14. Bc3 Nb8 15.
Qb2 Nc6 16. cxd5 exd5 17. d4 Qd6 {Game drawn by mutual agreement} 1/2-1/2

[Event "Team 45 45 League T48"]
[Site "Internet Chess Club"]
[Date "2011.02.26"]
[Round "3"]
[White "ryan2chess"]
[Black "Tamarin"]
[Result "1-0"]
[WhiteElo "1913"]
[BlackElo "1701"]
[Opening "Giuoco Piano: LaBourdonnais variation"]
[ECO "C53"]
[Time "19:38:19"]
[TimeControl "2700+45"]

1. e4 e5 2. Nf3 Nc6 3. Bc4 Bc5 4. c3 d6 5. d4 exd4 6. cxd4 Bb6 7. h3 Nf6 8. Nbd2
Bxd4 9. O-O O-O 10. Nb3 Bb6 11. Bg5 h6 12. Bxf6 Qxf6 13. Qd2 Bxh3 14. Rfe1 Be6
15. Bd5 Bxd5 16. exd5 Ne5 17. Nbd4 Nxf3+ 18. Nxf3 Rfe8 19. a4 Re7 20. Rxe7 Qxe7
21. a5 Bxa5 22. Qxa5 c6 23. Re1 Qf6 24. Qc7 Qxb2 25. dxc6 bxc6 26. Qxc6 Rb8 27.
Qxd6 a5 28. Qd2 Qb5 29. Re5 Qb1+ 30. Qe1 a4 31. Re8+ Kh7 32. Rxb8 Qxb8 33. Qe4+
g6 34. Qxa4 Qb1+ 35. Kh2 Qb8+ 36. Kh3 Qc8+ 37. Qg4 f5 38. Qh4 f4+ 39. Kh2 Qf5
40. Qe7+ Kh8 41. Qe5+ Qxe5 42. Nxe5 Kg7 43. Nd3 g5 44. Kh3 Kf6 45. Kg4 Kg6 46.
Ne5+ Kf6 47. Nd7+ Kg6 48. Ne5+ Kf6 49. Nf3 Kg6 50. Nd4 Kf6 51. Kh5 Kg7 52. Nf5+
Kf6 53. Nxh6 Ke5 54. Kxg5 Ke4 55. f3+ Ke3 56. Kg4 Kf2 57. Kxf4 Kxg2 58. Kg4 Kf2
59. f4 Ke3 60. f5 Ke4 61. f6 Kd4 62. f7 Kc4 63. f8=Q Kc3 64. Qf4 Kd3 65. Nf5 Kc3
66. Qd4+ Kb3 67. Nd6 Kc2 68. Qe3 Kb2 69. Qd3 Kc1 70. Qe2 Kb1 71. Qd2 Ka1 72. Nb5
Kb1 73. Nc3+ {Black resigns} 1-0

[Event "Team 45 45 League T48"]
[Site "Internet Chess Club"]
[Date "2011.02.26"]
[Round "3"]
[White "badmove"]
[Black "juniorVishy"]
[Result "1-0"]
[WhiteElo "1736"]
[BlackElo "1594"]
[Opening "Sicilian: closed"]
[ECO "B24"]
[Time "15:00:29"]
[TimeControl "2700+45"]

1. e4 c5 2. Nc3 Nc6 3. g3 g6 4. Bg2 Bg7 5. d3 Nf6 6. f4 d6 7. Nge2 Bd7 8. h3 Qc8
9. Be3 a6 10. Qd2 b5 11. g4 b4 12. Na4 Rb8 13. Rb1 Nd4 14. b3 Nxe2 15. Qxe2 Bb5
16. Nb2 a5 17. O-O O-O 18. Qf2 Nd7 19. Qh4 Qd8 20. f5 e6 21. Bg5 Bf6 22. Bxf6
Qxf6 23. g5 Qd4+ 24. Qf2 Qe3 25. Qxe3 {Black resigns} 1-0

[Event "Team 45 45 League T48"]
[Site "Internet Chess Club"]
[Date "2011.02.27"]
[Round "3"]
[White "cazj"]
[Black "MateIn42"]
[Result "0-1"]
[WhiteElo "1322"]
[BlackElo "1468"]
[Opening "Four knights: Italian variation"]
[ECO "C55"]
[Time "11:02:44"]
[TimeControl "2700+45"]

1. e4 e5 2. Nf3 Nc6 3. Bc4 Nf6 4. Nc3 Bb4 5. Nd5 O-O 6. Nxb4 Nxb4 7. Nxe5 Qe7 8.
Bxf7+ Rxf7 9. Nxf7 Qxe4+ 10. Qe2 Nxc2+ 11. Kd1 Qxe2+ 12. Kxe2 Nxa1 13. Ng5 Nc2
14. Nf3 d6 15. a3 Bg4 16. Kd3 Bf5+ 17. Kc3 Ne4+ 18. Kb3 c5 19. Rf1 Nd4+ 20. Nxd4
cxd4 21. d3 Nc5+ 22. Ka2 Re8 23. Rd1 Nxd3 24. f3 Re1 25. Rxe1 Nxe1 26. g4 Be6+
27. b3 Nxf3 28. h3 d3 {White resigns} 0-1

[Event "Team 45 45 League T48"]
[Site "Internet Chess Club"]
[Date "2011.02.27"]
[Round "3"]
[White "gerailen0075"]
[Black "misuc56"]
[Result "1-0"]
[WhiteElo "1966"]
[BlackElo "1754"]
[Opening "Sicilian: Canal-Sokolsky (Nimzovich-Rossolimo, Moscow) attack"]
[ECO "B51"]
[Time "08:00:52"]
[TimeControl "2700+45"]

1. e4 c5 2. Nf3 d6 3. Bb5+ Nc6 4. O-O g6 5. d4 cxd4 6. Qxd4 f6 7. Nc3 Bd7 8.
Bxc6 bxc6 9. Be3 c5 10. Qd2 Rb8 11. b3 h5 12. Nh4 Kf7 13. Rad1 Bh6 14. Bxh6 Nxh6
15. e5 g5 16. exd6 exd6 17. Ne4 gxh4 18. Nxd6+ Kg7 19. Qf4 Qf8 20. Ne4 Bf5 21.
Rd6 Bxe4 22. Rd7+ Nf7 23. Qxe4 Re8 24. Qxh4 Rh6 25. Rfd1 Re7 26. R7d3 Qe8 27. f4
Rg6 28. Qxh5 Re1+ 29. Kf2 Rxd1 30. Rxd1 Qe4 31. g3 Qxc2+ 32. Qe2 Qxe2+ 33. Kxe2
Rh6 34. h4 Rh8 35. Rd7 Rc8 36. Rxa7 c4 37. bxc4 Rxc4 38. a4 Rc3 39. Kf2 f5 40.
a5 Ra3 41. h5 Kf8 42. a6 Nh6 43. Kg2 Ra1 44. Kf3 Ra2 45. Ke3 Ra3+ 46. Kd4 Rxg3
47. Rb7 Rf3 48. a7 Rxf4+ 49. Ke5 Ra4 50. Rb8+ Kg7 51. a8=Q Rxa8 52. Rxa8 Kf7 53.
Ra7+ Kg8 54. Kf6 Kh8 55. Kg6 f4 56. Ra8+ Ng8 57. h6 {Black resigns} 1-0

[Event "Team 45 45 League T48"]
[Site "Internet Chess Club"]
[Date "2011.02.26"]
[Round "3"]
[White "xt"]
[Black "BrandonBee"]
[Result "1-0"]
[WhiteElo "1553"]
[BlackElo "1556"]
[Opening "Sicilian: Kan, 5.Nc3"]
[ECO "B43"]
[Time "13:19:56"]
[TimeControl "2700+45"]

1. e4 c5 2. Nf3 e6 3. d4 cxd4 4. Nxd4 a6 5. Nc3 b5 6. a3 Bb7 7. Be2 Qc7 8. O-O
Nf6 9. Bd3 Nc6 10. Nxc6 dxc6 11. Bg5 h6 12. Bxf6 gxf6 13. Qf3 Bg7 14. Qg4 Rg8
15. Ne2 O-O-O 16. Rab1 Qe5 17. Nf4 c5 18. Rfe1 c4 19. Bf1 Bxe4 20. Nh5 f5 21.
Qe2 Qc5 22. Nxg7 Rxg7 23. Rbc1 Rdg8 24. g3 Ba8 25. Bg2 Bxg2 26. Kxg2 f4 27. Rcd1
h5 28. Qf3 Kb8 29. Qxf4+ Qc7 30. Qh4 Rg5 31. Re4 Qc6 32. Kg1 Rd5 33. Red4 Rgg5
34. Qf4+ Qc7 35. Qf6 Rge5 36. Rxd5 exd5 37. Kf1 Kb7 38. f4 Re6 39. Qg5 Qc5 40.
Qxd5+ Qxd5 41. Rxd5 h4 42. Rd7+ Kc6 43. Rxf7 hxg3 44. hxg3 Re4 45. g4 Rd4 46.
Ke2 Kd5 47. Rd7+ {Black resigns} 1-0

[Event "Team 45 45 League T48"]
[Site "Internet Chess Club"]
[Date "2011.02.28"]
[Round "3"]
[White "Helaman"]
[Black "Chess64655"]
[Result "1-0"]
[WhiteElo "1451"]
[BlackElo "1641"]
[Opening "Sicilian: Canal-Sokolsky attack, Sokolsky variation"]
[ECO "B52"]
[Time "15:00:16"]
[TimeControl "2700+45"]

1. e4 c5 2. Nf3 d6 3. Bb5+ Bd7 4. Bxd7+ Qxd7 5. c4 Nc6 6. Nc3 e6 7. O-O Nf6 8.
d4 cxd4 9. Nxd4 Be7 10. b3 a6 11. Bb2 O-O 12. Re1 Nxd4 13. Qxd4 e5 14. Qd2 Qg4
15. h3 Qc8 16. f4 exf4 17. Qxf4 Rd8 18. Nd5 Nxd5 19. exd5 Bf8 20. Rf1 Qd7 21.
Rf2 Re8 22. Raf1 f6 23. Qg3 Kh8 24. Rf4 Qe7 25. Rxf6 Qe3+ 26. Qxe3 gxf6 27.
Bxf6+ Bg7 28. Bxg7+ Kxg7 29. Qg5+ Kh8 30. Rf7 {Black resigns} 1-0

[Event "Team 45 45 League T48"]
[Site "Internet Chess Club"]
[Date "2011.02.27"]
[Round "3"]
[White "kanhok-xul"]
[Black "KyleMayhugh"]
[Result "1/2-1/2"]
[WhiteElo "1471"]
[BlackElo "1326"]
[Opening "Four knights: Italian variation"]
[ECO "C55"]
[Time "01:30:05"]
[TimeControl "2700+45"]

1. e4 e5 2. Nf3 Nc6 3. Bc4 Nf6 4. Nc3 Be7 5. O-O O-O 6. d4 exd4 7. Nxd4 Ne5 8.
Be2 d5 9. Bf4 Ng6 10. Bg3 Nxe4 11. Nxe4 dxe4 12. Nb5 c6 13. Nc7 Rb8 14. Qxd8
Rxd8 15. Nb5 Ra8 16. Nc7 Rb8 17. Nb5 Ra8 {Game drawn by mutual agreement}
1/2-1/2

[Event "Team 45 45 League T48"]
[Site "Internet Chess Club"]
[Date "2011.02.25"]
[Round "3"]
[White "BrianWood"]
[Black "arconia"]
[Result "1-0"]
[WhiteElo "1398"]
[BlackElo "1340"]
[Opening "QGD: Marshall defense"]
[ECO "D06"]
[Time "18:00:51"]
[TimeControl "2700+45"]

1. d4 d5 2. c4 Nf6 3. Bg5 dxc4 4. Qa4+ Nc6 5. Qxc4 Nxd4 6. Bxf6 exf6 7. Nd2 Be6
8. Qa4+ b5 9. Qd1 Rc8 10. e3 Nf5 11. Bxb5+ c6 12. Bf1 Be7 13. Ngf3 O-O 14. Be2
Nh6 15. O-O c5 16. Qc2 f5 17. Bc4 a5 18. Bxe6 fxe6 19. Rad1 Qe8 20. Nc4 Qh5 21.
Nxa5 f4 22. Nc4 Nf5 23. Nce5 fxe3 24. Qc4 exf2+ 25. Rxf2 Ne3 26. Qxe6+ Kh8 27.
Nf7+ Qxf7 28. Qxe3 Bf6 29. Rfd2 Rfe8 30. Qd3 c4 31. Qd7 Qxd7 32. Rxd7 Bxb2 33.
Re1 Rxe1+ 34. Nxe1 h6 35. Nc2 Re8 36. Kf1 Rf8+ 37. Ke2 c3 38. a4 Rf5 39. Rd4
Re5+ 40. Kf3 Bc1 41. g3 h5 42. h3 Rf5+ 43. Kg2 Re5 44. Nb4 Re2+ 45. Kf1 Rh2 46.
Rh4 g6 47. a5 c2 48. Nxc2 Rxc2 49. Ra4 Rc3 50. a6 Be3 51. Kg2 g5 52. h4 g4 53.
a7 Rc2+ 54. Kf1 Bxa7 55. Rxa7 Rh2 56. Ra5 Kg7 57. Rxh5 Kf6 58. Rg5 Rh1+ 59. Kg2
Ra1 60. Rxg4 Ra2+ 61. Kh3 Kf5 62. Rg5+ Ke4 63. Kg4 Ra4 64. Kh5 Kf3 65. g4 Kg3
66. Rc5 Rxg4 67. Rc3+ Kf4 68. Rc4+ Kf5 69. Rxg4 {Black resigns} 1-0

[Event "Team 45 45 League T48"]
[Site "Internet Chess Club"]
[Date "2011.02.24"]
[Round "3"]
[White "crazyhorses"]
[Black "kidcobra"]
[Result "1-0"]
[WhiteElo "1531"]
[BlackElo "1726"]
[Opening "Réti: King's Indian attack (Barcza system)"]
[ECO "A07"]
[Time "16:00:18"]
[TimeControl "2700+45"]

1. Nf3 d5 2. g3 Nf6 3. Bg2 e6 4. d3 Bd6 5. O-O O-O 6. Nbd2 c5 7. Re1 Nc6 8. c3
e5 9. e4 d4 10. cxd4 cxd4 11. Nc4 Be6 12. Nxd6 Qxd6 13. Ng5 h6 14. Nxe6 Qxe6 15.
f4 exf4 16. Bxf4 Ne5 17. Rc1 Rac8 18. Qd2 b6 19. Qe2 Ng6 20. Bd2 Rxc1 21. Rxc1
Rc8 22. b3 Rc6 23. Rxc6 Qxc6 24. e5 Qe6 25. Bf4 Nd7 26. Qe4 Ndxe5 27. Bh3 Qf6
28. Bf5 Nxf4 29. Qa8+ Qd8 30. Qxd8# {Black checkmated} 1-0

[Event "Team 45 45 League T48"]
[Site "Internet Chess Club"]
[Date "2011.02.27"]
[Round "3"]
[White "tryanything"]
[Black "mongmong"]
[Result "1/2-1/2"]
[WhiteElo "1567"]
[BlackElo "1637"]
[Opening "Nimzo-Indian: three knights variation"]
[ECO "E21"]
[Time "19:00:20"]
[TimeControl "2700+45"]

1. d4 e6 2. c4 Nf6 3. Nc3 Bb4 4. Nf3 b6 5. a3 Bxc3+ 6. bxc3 Bb7 7. e3 O-O 8. Bd3
d6 9. O-O Nbd7 10. Re1 Ne4 11. Qc2 f5 12. Nd2 Ndf6 13. f3 Nxd2 14. Bxd2 Qe8 15.
e4 fxe4 16. fxe4 e5 17. d5 Bc8 18. Re3 Bd7 19. a4 a5 20. Be2 Qe7 21. Rg3 Kh8 22.
Qd3 Rf7 23. Qc2 Raf8 24. Rf1 Qe8 25. Bd1 Ng8 26. Rxf7 Rxf7 27. Be3 Qf8 28. Rf3
Rxf3 29. Bxf3 Qe8 30. Bd1 Ne7 31. Bg5 Qf8 32. Qf2 Kg8 33. Qxf8+ Kxf8 34. Bxe7+
Kxe7 35. Kf2 Kf6 36. g3 g5 37. Bc2 c6 38. Ke3 cxd5 39. cxd5 h5 40. c4 h4 41. Bd1
hxg3 42. hxg3 Bc8 43. Kd3 Bh3 44. g4 Bf1+ 45. Kc3 Ke7 46. Bf3 Kd7 47. Kb3 Kc7
48. Kc3 Kb7 49. Kb3 {Game drawn by mutual agreement} 1/2-1/2

[Event "Team 45 45 League T48"]
[Site "Internet Chess Club"]
[Date "2011.02.27"]
[Round "3"]
[White "seattleblues"]
[Black "LeanSixSigma"]
[Result "1/2-1/2"]
[WhiteElo "1379"]
[BlackElo "1446"]
[Opening "Ruy Lopez: Anderssen variation"]
[ECO "C77"]
[Time "20:02:40"]
[TimeControl "2700+45"]

1. e4 e5 2. Nf3 Nc6 3. Bb5 a6 4. Ba4 Nf6 5. d3 d6 6. O-O Be7 7. Re1 O-O 8. h3
Bd7 9. c3 b5 10. Bb3 Qc8 11. Kh2 Nh5 12. Nxe5 Nxe5 13. Qxh5 Nxd3 14. Rf1 Bf6 15.
Nd2 Be5+ 16. Kh1 Nf4 17. Qh4 Qd8 18. Nf3 Qxh4 19. Nxh4 Nd3 20. Rb1 Bc6 21. f3
Kh8 22. Nf5 Nxc1 23. Rbxc1 Bf4 24. Rcd1 Bd7 25. Ne7 Bg5 26. Nd5 Ra7 27. f4 Bd8
28. e5 c6 29. Ne3 d5 30. Bc2 Bb6 31. Ng4 Bxg4 32. hxg4 g6 33. f5 g5 34. f6 Be3
35. Rf3 Bf4 36. Re1 h5 37. gxh5 Re8 38. e6 Rxe6 39. Rxe6 fxe6 40. Bg6 Ra8 41. g3
Bd6 42. f7 Rf8 43. Rf6 Bxg3 44. Rxe6 Kg7 45. Rxc6 a5 46. Rc5 b4 47. Rxd5 bxc3
48. bxc3 Be1 49. Rxg5 Bxc3 50. a4 Bb4 51. Kg2 Kf6 52. Rf5+ Kg7 53. Kf3 Rd8 54.
f8=Q+ Rxf8 55. Rxf8 Kxf8 56. Kf4 Kg7 57. Kf5 Kh6 58. Kg4 Be1 59. Kf3 Bb4 60. Ke4
Be1 61. Kf3 Bb4 62. Ke4 Be1 63. Kf3 Bb4 64. Ke4 Be1 65. Kf3 Bb4 66. Ke4 {Game
drawn by repetition} 1/2-1/2

[Event "Team 45 45 League T48"]
[Site "Internet Chess Club"]
[Date "2011.02.25"]
[Round "3"]
[White "KidRattler"]
[Black "Conjurer"]
[Result "0-1"]
[WhiteElo "1186"]
[BlackElo "1141"]
[Opening "Sicilian: Najdorf"]
[ECO "B90"]
[Time "14:10:03"]
[TimeControl "2700+45"]

1. e4 c5 2. Nf3 d6 3. d4 cxd4 4. Nxd4 Nf6 5. Nc3 a6 6. Bd3 g6 7. Be3 Bg7 8. f3
b5 9. Ndxb5 axb5 10. Bxb5+ Nbd7 11. Qd2 O-O 12. Bh6 Bb7 13. Bxg7 Kxg7 14. h4 h5
15. Nd5 e6 16. Nxf6 Nxf6 17. Qc3 Qb6 18. Be2 Rfc8 19. Qb3 Qxb3 20. cxb3 Rc2 21.
Rb1 Ba6 22. Bxa6 Rxa6 23. a3 Rxg2 24. Rd1 Rxb2 25. Rd3 Rb1+ 26. Rd1 Rxb3 27. Ra1
Raxa3 28. Rxa3 Rxa3 29. Kf2 e5 30. Re1 Nd7 31. Rd1 Ra6 32. Ke3 Nc5 33. Rd5 f6
34. Rd1 g5 35. Rg1 Ra3+ 36. Ke2 Kh6 37. hxg5+ fxg5 38. Rd1 Ra6 39. Ke3 Ne6 40.
Rd2 Nf4 41. Rb2 Ra3+ 42. Kf2 Nd3+ 43. Ke2 Nxb2 44. Kf2 h4 45. Kg2 Nd3 46. f4
exf4 47. Kh3 Nf2+ 48. Kg2 Nxe4 49. Kh2 f3 50. Kg1 f2+ 51. Kf1 Ra1+ 52. Kg2 f1=Q+
53. Kh2 Ra2# {White checkmated} 0-1

[Event "Team 45 45 League T48"]
[Site "Internet Chess Club"]
[Date "2011.02.26"]
[Round "3"]
[White "BigH"]
[Black "viking99"]
[Result "1-0"]
[WhiteElo "1809"]
[BlackElo "1865"]
[Opening "Catalan: closed, 5.Nf3"]
[ECO "E06"]
[Time "10:08:29"]
[TimeControl "2700+45"]

1. Nf3 d5 2. d4 Nf6 3. c4 e6 4. g3 Be7 5. Bg2 O-O 6. O-O c5 7. cxd5 Qxd5 8. Nc3
Qh5 9. e4 Nc6 10. d5 exd5 11. exd5 Rd8 12. Ng5 Qxd1 13. Rxd1 Nb4 14. Bf4 Nc2 15.
Rac1 Nd4 16. Be5 Nxd5 17. Nxd5 Bxg5 18. Rxc5 Nc6 19. Bc7 Re8 20. f4 Be7 21. Rxc6
Bg4 22. Rcc1 Bxd1 23. Rxd1 Bc5+ 24. Kf1 Rac8 25. Be5 Rcd8 26. Nc3 f6 27. Rxd8
Rxd8 28. Ne4 fxe5 29. Nxc5 exf4 30. gxf4 Rc8 31. b4 b6 32. Nd3 Rc2 33. Ne5 g6
34. h3 Kg7 35. Bd5 Kf6 36. b5 Kf5 37. Nc6 Rc5 38. Bg8 Kxf4 39. Bxh7 g5 40. a4
Kf3 41. Ke1 Kg3 42. Bg8 Kxh3 43. Be6+ Kg3 44. Kd2 Kf4 45. Nxa7 g4 46. a5 Re5 47.
Bc8 bxa5 48. b6 Re7 49. b7 Rxb7 50. Bxb7 Kg3 51. Ke2 a4 52. Nb5 Kh2 53. Kf2 g3+
54. Kf1 Kh3 55. Kg1 Kg4 56. Na3 Kf4 57. Bc6 Ke3 58. Bxa4 Kf3 59. Bc6+ Kf4 60.
Kg2 Kg4 61. Nc4 Kf4 62. Bf3 Kf5 63. Kxg3 Kg5 64. Ne3 Kf6 65. Kf4 Ke6 66. Nc4 Kf6
67. Bg4 Kg6 68. Ne3 Kf6 69. Nd5+ Kg6 70. Be6 Kg7 71. Kf5 Kf8 72. Kf6 Ke8 73. Bg4
Kd8 74. Bf5 Ke8 75. Ke6 Kf8 76. Nb6 Ke8 77. Nd7 Kd8 78. Kd6 Ke8 79. Bg6+ Kd8 80.
Nc5 Kc8 81. Bf7 Kd8 82. Nb7+ Kc8 83. Kc6 Kb8 84. Kb6 Kc8 85. Be6+ Kb8 86. Nc5
Ka8 87. Bd7 Kb8 88. Na6+ Ka8 89. Bc6# {Black checkmated} 1-0

[Event "Team 45 45 League T48"]
[Site "Internet Chess Club"]
[Date "2011.02.26"]
[Round "3"]
[White "DaveTheRook"]
[Black "Plattner"]
[Result "0-1"]
[WhiteElo "1749"]
[BlackElo "1790"]
[Opening "Queen's Indian: 4.Nc3, main line"]
[ECO "E13"]
[Time "14:45:34"]
[TimeControl "2700+45"]

1. d4 Nf6 2. c4 e6 3. Nc3 Bb4 4. Bg5 h6 5. Bh4 b6 6. Nf3 Bb7 7. e3 d6 8. Qa4+
Nc6 9. d5 Bxc3+ 10. bxc3 Qd7 11. dxc6 Bxc6 12. Qc2 g5 13. Bg3 O-O 14. h3 Ne4 15.
Bd3 f5 16. Bxe4 Bxe4 17. Qd2 Qg7 18. Rg1 e5 19. Ke2 Qf7 20. Qb2 f4 21. exf4 exf4
22. Bh2 Qxc4+ 23. Kd2 Qd3+ 24. Kc1 Bxf3 25. gxf3 Qxf3 26. Re1 Rae8 27. Qb3+ d5
28. Rxe8 Rxe8 29. Qd1 Qxc3+ {White resigns} 0-1

[Event "Team 45 45 League T48"]
[Site "Internet Chess Club"]
[Date "2011.03.01"]
[Round "3"]
[White "Nakke"]
[Black "badmove"]
[Result "1/2-1/2"]
[WhiteElo "1764"]
[BlackElo "1737"]
[Opening "English: Anglo-Dutch defense"]
[ECO "A10"]
[Time "15:06:25"]
[TimeControl "2700+45"]

1. c4 f5 2. b3 e5 3. Bb2 Nc6 4. Nf3 d6 5. d4 e4 6. d5 exf3 7. dxc6 bxc6 8. exf3
Be6 9. Bd3 Nf6 10. O-O g6 11. Nc3 Bg7 12. Ne2 O-O 13. Nd4 Bd7 14. Re1 Re8 15.
Qd2 Rxe1+ 16. Rxe1 c5 17. Ne6 Bxe6 18. Rxe6 Kf7 19. Re1 Qd7 20. Bc3 Re8 21. Bf1
Rxe1 22. Qxe1 Ne8 23. f4 Bxc3 24. Qxc3 Kg8 25. g3 Ng7 26. Bg2 h6 27. Qa5 c6 28.
Qa6 Ne6 29. Bxc6 Qe7 30. Bd5 Kg7 31. Bxe6 Qxe6 32. Qxa7+ Kf6 33. Qa8 Qe1+ {Game
drawn by mutual agreement} 1/2-1/2

[Event "Team 45 45 League T48"]
[Site "Internet Chess Club"]
[Date "2011.02.27"]
[Round "3"]
[White "Ernie1"]
[Black "ScotchYeti"]
[Result "1-0"]
[WhiteElo "1625"]
[BlackElo "1623"]
[Opening "Trompowsky attack (Ruth, Opocenský opening)"]
[ECO "A45"]
[Time "16:01:18"]
[TimeControl "2700+45"]

1. d4 Nf6 2. Bg5 c5 3. Bxf6 gxf6 4. e3 Qb6 5. Qc1 d5 6. c3 Bg4 7. Be2 f5 8. h3
Bxe2 9. Nxe2 e6 10. Nd2 Nd7 11. Qc2 O-O-O 12. g4 fxg4 13. hxg4 Qa6 14. Rxh7 Rxh7
15. Qxh7 f6 16. Nf4 Qd6 17. Qf7 Bh6 18. Nxe6 Rh8 19. Nxc5 Nxc5 20. dxc5 Qe5 21.
O-O-O Rf8 22. Qh5 Bg5 23. f4 Qxe3 24. fxg5 fxg5 25. Qh6 Re8 26. Qg6 Re6 27. Qf5
Qe5 28. Qxe5 Rxe5 29. Nf3 Re3 30. Nxg5 Rg3 31. Rd4 Rg1+ 32. Kc2 Rg2+ 33. Kb3 Kc7
34. Ne6+ Kc6 35. Nd8+ Kxc5 36. Nxb7+ Kc6 37. Nd8+ Kc5 38. Ne6+ Kc6 39. Nf8 Kc5
40. Nh7 Rf2 41. g5 Kd6 42. Nf6 Rf5 43. Rxd5+ Rxd5 44. Nxd5 Kxd5 45. c4+ {Black
resigns} 1-0

[Event "Team 45 45 League T48"]
[Site "Internet Chess Club"]
[Date "2011.02.26"]
[Round "3"]
[White "SlimeDog2"]
[Black "Wheels"]
[Result "1-0"]
[WhiteElo "2059"]
[BlackElo "1848"]
[Opening "QGD semi-Slav: Bogolyubov variation"]
[ECO "D46"]
[Time "21:01:02"]
[TimeControl "2700+45"]

1. d4 d5 2. Nf3 e6 3. c4 Nf6 4. Nc3 c6 5. e3 Nbd7 6. Bd3 Be7 7. e4 dxe4 8. Nxe4
O-O 9. O-O Nxe4 10. Bxe4 Nf6 11. Bc2 Qc7 12. Qd3 h6 13. Ne5 c5 14. Bxh6 Rd8 15.
Nxf7 Rxd4 16. Qg6 Rg4 17. Bg5 Kf8 18. Nh6 Bd6 19. Nxg4 {Black resigns} 1-0

[Event "Team 45 45 League T48"]
[Site "Internet Chess Club"]
[Date "2011.02.26"]
[Round "3"]
[White "Philly-Boy"]
[Black "RosewoodTele"]
[Result "1/2-1/2"]
[WhiteElo "1882"]
[BlackElo "1806"]
[Opening "King's Indian: Four pawns attack"]
[ECO "E76"]
[Time "22:00:52"]
[TimeControl "2700+45"]

1. d4 Nf6 2. c4 g6 3. Nc3 Bg7 4. e4 d6 5. f4 O-O 6. Bd3 Na6 7. Nf3 e5 8. fxe5
dxe5 9. d5 c6 10. O-O Qb6+ 11. Kh1 Ng4 12. Qe2 Nc5 13. Rb1 Qc7 14. h3 Nf6 15. b4
Nh5 16. Kh2 Nxd3 17. Qxd3 Nf4 18. Bxf4 exf4 19. d6 Qd8 20. Rbd1 Bd7 21. c5 Re8
22. Ne2 g5 23. Nfd4 Qf6 24. Nf3 a5 25. a3 g4 26. hxg4 Bxg4 27. Nfg1 Qh4+ 28. Nh3
Be5 29. Nxf4 Bxd1 30. Qxd1 axb4 31. axb4 Ra3 32. Rf3 Rxf3 33. Qxf3 Bxf4+ 34.
Qxf4 Qxf4+ 35. Nxf4 Rxe4 36. Kg3 Rxb4 37. Kf3 Kf8 38. Ke3 Ke8 39. Nh5 h6 40.
Nf6+ Kd8 41. Ne4 b6 42. cxb6 Rxb6 43. Kf4 Rb4 44. Kf5 Rxe4 45. Kxe4 Kd7 46. Ke5
f6+ 47. Kxf6 c5 48. Ke5 c4 49. Kd4 Kxd6 50. Kxc4 Ke6 51. Kd4 Kf5 52. Ke3 {Game
drawn by mutual agreement} 1/2-1/2